 Dungeon Crawl Stone Soup version 0.26.0-45-g9c1d065592 (webtiles) character file.

Game seed: 15064067176561863386

10838 trckry the Quickloader (level 11, -1/65 HPs)
             Began as a Tengu Hunter on Jan 28, 2021.
             Was a High Priest of Okawaru.
             Slain by a komodo dragon (24 damage)
             ... on level 10 of the Dungeon.
             The game lasted 00:41:00 (15526 turns).

trckry the Quickloader (Tengu Hunter)              Turns: 15526, Time: 00:41:00

Health: -1/65      AC: 15    Str: 15    XL:     11   Next: 68%
Magic:  16/16      EV: 13    Int: 12    God:    Okawaru [*****.]
Gold:   681        SH:  0    Dex: 15    Spells: 10/10 levels left

rFire    . . .     SeeInvis .   a - +0 arbalest
rCold    . . .     Faith    .   (shield currently unavailable)
rNeg     . . .     Spirit   .   f - +0 plate armour {rPois}
rPois    +         Reflect  .   (helmet restricted)
rElec    .         Harm     .   A - +0 cloak {Stlth+}
rCorr    .         Rampage  .   x - +0 pair of gloves
Will     .....     Clarity  +   (boots unavailable)
Stlth    ..........             (no amulet)
HPRegen  0.20/turn              n - +4 ring of evasion
MPRegen  0.15/turn              (no ring)

@: flying quickly and evasively, quick
A: antennae 1, beak, talons 3, clarity, able to fly
a: Stop Flying, Renounce Religion, Heroism, Finesse


You were on level 10 of the Dungeon.
You worshipped Okawaru.
Okawaru was extremely pleased with you.
You visited 2 branches of the dungeon, and saw 11 of its levels.
You also visited: Ossuary.

You collected 681 gold pieces.

Inventory:

Hand Weapons
 a - a +0 arbalest (weapon)
 b - a +0 quarterstaff
Missiles
 d - 173 bolts (quivered ammo)
 j - 3 throwing nets
 l - 33 poisoned darts
Armour
 f - a +0 plate armour of poison resistance (worn)
 x - a +0 pair of gloves (worn)
 A - a +0 cloak of stealth (worn)
Jewellery
 n - a +4 ring of evasion (left hand)
Wands
 m - a wand of polymorph (12)
 t - a wand of digging (3)
 z - a wand of iceblast (7)
Scrolls
 c - 2 scrolls of enchant weapon
 e - 9 scrolls of identify
 g - 5 scrolls of remove curse
 s - 2 scrolls of teleportation
 y - a scroll of blinking
 B - 2 scrolls of immolation {unknown}
 D - a scroll of magic mapping {unknown}
Potions
 h - 2 potions of invisibility
 i - a potion of might
 k - a potion of ambrosia {unknown}
 o - 4 potions of curing
 p - a potion of resistance
 q - a potion of lignification
 r - a potion of mutation
 u - a potion of attraction {unknown}
 v - 3 potions of berserk rage
 w - 2 potions of haste
Miscellaneous
 C - a phantom mirror (inert)


   Skills:
 + Level 6.3 Fighting
 * Level 9.4 Staves
 * Level 10.4 Crossbows
 + Level 6.5 Armour
 + Level 6.8 Dodging
 - Level 1.0 Stealth
 + Level 5.3 Invocations
 + Level 5.8 Evocations


You had 10 spell levels left.
You didn't know any spells.
Your spell library contained the following spells:

 Spells                   Type           Power        Failure   Level
 Corona                   Hex            0%           100%        1
 Ensorcelled Hibernation  Hex/Ice        0%           100%        2
 Confusing Touch          Hex            0%           100%        3
 Dazzling Flash           Conj/Hex       0%           100%        3
 Tukima's Dance           Hex            0%           100%        3


Dungeon Overview and Level Annotations

Branches:
Dungeon (10/15)            Temple (1/1) D:6            Lair (0/6) D:9
Ossuary (visited)
    Orc: D:9-12

Altars:
Ashenzari
Cheibriados
Dithmenos
Elyvilon
Fedhas
Gozag
Hepliaklqana
Kikubaaqudgha
Makhleb
Nemelex Xobeh
Okawaru
Qazlal
Ru
Sif Muna
Trog
Uskayaw
Vehumet
Wu Jian
Xom
Yredelemnul
Zin
The Shining One

Shops:
D:10 ?


Innate Abilities, Weirdness & Mutations

You have a beak for a mouth.
You have claws for feet.
You can fly continuously.
You have a pair of small antennae on your head.
You possess an exceptional clarity of mind.


Message History

Fire: 176 bolts
Press: ? - help, Q - select action, (/) - cycle Shift-Dir - straight line, f/p - komodo dragon
Aim: a komodo dragon (severely wounded, 73% to hit)
You shoot a bolt. The bolt hits the komodo dragon!
The komodo dragon is almost dead.
The komodo dragon closely misses you.
Fire: 175 bolts
Press: ? - help, Q - select action, (/) - cycle Shift-Dir - straight line, f/p - komodo dragon
Aim: a komodo dragon (almost dead, 72% to hit)
You shoot a bolt. The bolt hits the komodo dragon.
The komodo dragon is almost dead.
The komodo dragon completely misses you.
The komodo dragon bites you!!
Fire: 174 bolts
Press: ? - help, Q - select action, (/) - cycle Shift-Dir - straight line, f/p - komodo dragon
Aim: a komodo dragon (almost dead, 73% to hit)
You shoot a bolt.
The bolt barely misses the komodo dragon.
The komodo dragon bites you!!
You die...

Y...........
.Y.##.....######
...##.....#....#
..........#....#
###..######'#....#
................## .
........##.##...# .(.
....## ##.##...###((...
####)## #..##...@l...._(
...##)###..##.....#.....
#..#.##...#.....# ...
#####.#.#...####### .
...##.##.........
..#.##)#.........
.#..#..#..........
#...#..#..........
##.#.##)..##......


You could see a komodo dragon.

Vanquished Creatures
  A two-headed ogre (D:9)
  An unseen horror (D:10)
  Pikel (D:7)
  A manticore (D:9)
  A cyclops (D:9)
  Maurice (D:8)
  A yaktaur (D:10)
  A komodo dragon (D:9)
  A hornet (D:9)
  Prince Ribbit (D:6)
  Grinder (D:5)
  A wyvern (D:9)
  12 yaks
  A basilisk (D:9)
  Menkaure (D:5)
  Edmund (D:5)
  A water moccasin (D:9)
  An acid dragon (D:9)
  3 sky beasts
  2 black bears
  3 ice beasts
  An eye of draining (D:8)
  A necrophage (D:6)
  8 ogres
  2 centaurs
  2 lemures (D:7)
  2 big kobolds
  6 bullfrogs
  A gnoll sergeant (D:7)
  5 water moccasin zombies (Ossuary)
  A scorpion (D:8)
  11 howler monkeys
  5 wights
  2 centaur zombies
  2 bullfrog zombies (D:7)
  2 orc priests (D:10)
  2 hounds
  2 centaur skeletons
  A bullfrog skeleton (D:6)
  9 orc wizards
  9 worker ants
  Natasha (twice) (D:3)
  2 iguanas (D:7)
  A killer bee zombie (D:6)
  2 big kobold zombies (Ossuary)
  A hound zombie (D:9)
  2 mummies (Ossuary)
  A worker ant zombie (D:8)
  8 gnolls
  A howler monkey skeleton (D:7)
  9 adders
  2 shadow imps (D:8)
  5 white imps
  2 ufetubi (D:6)
  An ooze (D:1)
  4 adder zombies
  2 adder skeletons (D:8)
  2 worms
  3 dart slugs
  5 leopard geckos
  37 orcs
  6 giant cockroaches
  6 gnoll zombies (Ossuary)
  10 goblins
  7 hobgoblins
  10 jackals
  3 quokkas
  2 ball pythons
  8 bats
  5 frilled lizards
  2 goblin zombies (D:6)
  3 hobgoblin zombies (Ossuary)
  14 kobolds
  7 kobold zombies (Ossuary)
  5 orc zombies (Ossuary)
  5 rats
296 creatures vanquished.

Notes
Turn   | Place    | Note
-------+----------+-------------------------------------------
     0 | D:1      | trckry the Tengu Hunter began the quest for the Orb.
     0 | D:1      | Reached XP level 1. HP: 12/12 MP: 2/2
   164 | D:1      | Reached XP level 2. HP: 3/17 MP: 3/3
   708 | D:1      | HP: 2/17 [jackal (3)]
   710 | D:1      | Reached skill level 1 in Staves
  1182 | D:1      | Reached XP level 3. HP: 19/21 MP: 4/4
  1444 | D:2      | Found a faded altar of an unknown god.
  1538 | D:2      | Reached skill level 1 in Armour
  1827 | D:2      | Reached XP level 4. HP: 10/26 MP: 5/5
  1849 | D:2      | HP: 3/26 [poisoned by an adder]
  2428 | D:2      | Reached skill level 1 in Evocations
  2812 | D:2      | Reached skill level 1 in Invocations
  2816 | D:2      | Reached skill level 5 in Crossbows
  3049 | D:2      | HP: 3/27 [orc wizard/magic dart (7)]
  3050 | D:2      | Gained mutation: You possess an exceptional clarity of
                  | mind. [potion of mutation]
  3050 | D:2      | Gained mutation: You have a pair of small antennae on your
                  | head. [potion of mutation]
  3068 | D:2      | Gained mutation: You can fly continuously. [Tengu growth]
  3068 | D:2      | Reached XP level 5. HP: 14/31 MP: 6/6
  3658 | D:2      | You are sucked into a shaft and drop 2 floors!
  3747 | D:3      | Noticed Natasha
  3765 | D:3      | Killed Natasha
  4359 | D:3      | Reached XP level 6. HP: 36/36 MP: 8/8
  4793 | D:3      | Noticed Natasha
  4804 | D:3      | Killed Natasha
  5992 | D:4      | Reached XP level 7. HP: 40/40 MP: 9/9
  6146 | D:4      | Reached skill level 6 in Crossbows
  6320 | D:5      | Entered Level 5 of the Dungeon
  6320 | D:5      | Noticed Menkaure
  6415 | D:5      | Found a blossoming altar of Fedhas.
  6424 | D:5      | Noticed Grinder
  6606 | D:5      | Paralysed by Grinder for 7 turns
  6613 | D:5      | Killed Grinder
  6754 | D:5      | Reached XP level 8. HP: 8/46 MP: 10/10
  7108 | D:5      | HP: 5/46 [Menkaure (9)]
  7109 | D:5      | Killed Menkaure
  7464 | D:5      | Noticed Edmund
  7491 | D:5      | Killed Edmund
  7499 | D:5      | Reached skill level 5 in Staves
  8123 | D:6      | Reached skill level 7 in Crossbows
  8142 | D:6      | Found a sand-covered staircase.
  8153 | Ossuary  | Entered an ossuary
  8364 | Ossuary  | Reached XP level 9. HP: 46/52 MP: 12/12
  8982 | D:6      | Identified the cursed +1 mace of Subterfuge {protect,
                  | *Noise +Rage Will++ Dex+4} (You found it on level 6 of the
                  | Dungeon)
  9108 | D:6      | Found a staircase to the Ecumenical Temple.
  9120 | Temple   | Entered the Ecumenical Temple
  9137 | Temple   | Became a worshipper of Warmaster Okawaru
  9784 | D:7      | Noticed Prince Ribbit
  9784 | D:7      | Noticed Pikel
  9814 | D:6      | Killed Prince Ribbit
 10142 | D:7      | Reached skill level 8 in Crossbows
 10175 | D:7      | Reached * piety under Okawaru
 10196 | D:7      | Reached skill level 5 in Dodging
 10444 | D:7      | Killed Pikel
 10445 | D:7      | Reached skill level 5 in Fighting
 10445 | D:7      | Reached XP level 10. HP: 34/59 MP: 12/14
 10641 | D:7      | Reached skill level 5 in Armour
 11299 | D:7      | HP: 8/55 [yak (11)]
 11317 | D:7      | Reached ** piety under Okawaru
 11734 | D:8      | Reached skill level 9 in Crossbows
 11793 | D:8      | Paralysed by a wight for 7 turns
 11824 | D:8      | Found a shimmering blue altar of Sif Muna.
 11977 | D:8      | Noticed Maurice
 11989 | D:8      | Killed Maurice
 11989 | D:8      | Reached *** piety under Okawaru
 12206 | D:8      | Found a hazy altar of Hepliaklqana.
 12312 | D:8      | Identified the cursed +0 scale mail of Gozag's Indignation
                  | {+Inv rPois rC- Will++}
 12424 | D:8      | Found a bloodstained altar of Trog.
 12529 | D:9      | Reached skill level 5 in Evocations
 12540 | D:9      | Noticed a manticore
 12561 | D:9      | Killed a manticore
 12730 | D:9      | Noticed a two-headed ogre
 12790 | D:9      | Killed a two-headed ogre
 12790 | D:9      | Received a gift from Okawaru
 12790 | D:9      | Reached **** piety under Okawaru
 12791 | D:9      | Reached XP level 11. HP: 64/64 MP: 15/15
 13249 | D:9      | Received a gift from Okawaru
 13257 | D:9      | Noticed a cyclops
 13610 | D:9      | Reached skill level 5 in Invocations
 13749 | D:9      | Found a burning altar of Makhleb.
 13749 | D:9      | Noticed a green death
 13879 | D:9      | Found an opulent altar of Gozag.
 14046 | D:9      | Reached skill level 10 in Crossbows
 14222 | D:9      | Killed a cyclops
 14441 | D:9      | Found a staircase to the Lair.
 14493 | D:9      | Received a gift from Okawaru
 14940 | D:10     | Entered Level 10 of the Dungeon
 14940 | D:10     | Found Gooleam's Magic Scroll Boutique.
 15019 | D:10     | Killed an unseen horror
 15019 | D:10     | Received a gift from Okawaru
 15297 | D:10     | Received a gift from Okawaru
 15450 | D:10     | Reached ***** piety under Okawaru
 15514 | D:10     | Found an opulent altar of Gozag.
 15526 | D:10     | Slain by a komodo dragon

Illustrated notes

Levels and vault maps discovered:
D:1:      matt_arrival_spirals, layout_loops_ring, serial_aquarium,
          aquarium_bridge_straight [aquarium_subvault_bridge,
          aquarium_subvault_wall, aquarium_subvault_bridge,
          aquarium_subvault_wall], aquarium_window_corridor_1,
          aquarium_window_fake, aquarium_view_2b, aquarium_balcony_3a
D:2:      minmay_angry_zag, layout_basic, chequers_ecumenical_altar_simple,
          minmay_randomly_rotated_circles
D:3:      cheibrodos_helix_gallery, layout_basic, st_stairs_11, uniq_natasha
D:4:      layout_loops_ring
D:5:      layout_rooms, fedhas_bush_and_centaur_altar, uniq_grinder,
          uniq_menkaure, uniq_edmund
D:6:      layout_basic, minmay_temple_entry_statues_pillars, enter_ossuary_4
D:7:      layout_basic, uniq_prince_ribbit1, uniq_pikel
D:8:      layout_rooms, lemuel_coloured_pillars_altar, basic_altar,
          trog_eyes_of_draining, uniq_maurice
D:9:      layout_loops_ring, makhleb_altar_promises_db,
          nicolae_overflow_hidden_temple, erik_lair_dragon
D:10:     minmay_ornate_pinched, layout_stronghold, serial_shops, shop,
          grunt_gozag_statues
Temple:   hc_temple_tempest_star

Skill      XL: |  1  2  3  4  5  6  7  8  9 10 11 |
---------------+----------------------------------+-----
Staves         | 1 2 3 4 5 7 8 9 |  9.4
Armour         | 1 2 3 4 5 6 |  6.5
Evocations     | 1 2 3 4 5 |  5.8
Invocations    | 1 2 3 4 5 |  5.3
Crossbows      | 5 6 7 8 9 10 | 10.4
Dodging        | 3 4 5 6 |  6.8
Fighting       | 3 4 5 6 |  6.3
Stealth        | |  1.0

Action                   |  1- 3 |  4- 6 |  7- 9 | 10-12 || total
-------------------------+-------+-------+-------+-------++-------
Melee: Short sword       |    77 |    10 |       |       ||    87
       Peck              |    11 |    17 |    98 |    49 ||   175
       Kick              |    13 |    25 |   124 |    72 ||   234
       Rapier            |       |   105 |   378 |    75 ||   558
       Unarmed           |       |       |     4 |       ||     4
       Quarterstaff      |       |       |       |   131 ||   131
 Fire: Hand crossbow     |     3 |    51 |   126 |   302 ||   482
       Arbalest          |       |       |       |    17 ||    17
Throw: Dart              |    18 |    10 |    13 |       ||    41
 Abil: Fly               |       |     1 |       |       ||     1
Evoke: Wand              |       |       |       |     4 ||     4
       Phantom mirror    |       |       |       |     1 ||     1
  Use: Potion            |       |     3 |       |     2 ||     5
       Scroll            |       |     8 |    13 |     2 ||    23
 Stab: Sleeping          |     1 |     5 |       |       ||     6
Armor: Leather armour    |    34 |    20 |       |       ||    54
       Chain mail        |       |     4 |    31 |       ||    35
       Plate armour      |       |       |   181 |   127 ||   308
       Skin              |       |       |       |    21 ||    21
Dodge: Dodged            |    65 |   110 |   251 |   154 ||   580
